 Dungeon Crawl Stone Soup version 0.22-a0-422-g9628fc8 (webtiles) character file.

7359 Amnesiac the Nimble (level 10, -3/51 HPs)
             Began as a Spriggan Transmuter on May 18, 2018.
             Was a High Priest of Okawaru.
             Slain by a death yak (24 damage)
             ... on level 9 of the Dungeon.
             The game lasted 00:22:21 (11444 turns).

Amnesiac the Nimble (Spriggan Transmuter)          Turns: 11444, Time: 00:22:22

Health: -3/51      AC:  4    Str:  9    XL:     10   Next: 91%
Magic:  18/23      EV: 25    Int: 15    God:    Okawaru [*****.]
Gold:   615        SH:  0    Dex: 17    Spells: 8/25 levels left

rFire    + . .     SeeInvis +     - Unarmed
rCold    + . .     Gourm    .   (shield currently unavailable)
rNeg     . . .     Faith    .   c - +2 robe {rC+}
rPois    .         Spirit   .   (helmet restricted)
rElec    .         Reflect  .   (no cloak)
rCorr    .         Harm     .   (gloves unavailable)
MR       +....                  (boots unavailable)
Stlth    ++........             p - amulet of regeneration
HPRegen  0.57/turn              (no ring)
MPRegen  0.18/turn              w - ring of protection from fire

@: blade hands, studying Shields, very quick
A: very small, unfitting armour, see invisible, herbivore, speed 3, slow
metabolism 2
a: End Transformation, Heroism, Finesse, Renounce Religion


You were on level 9 of the Dungeon.
You worshipped Okawaru.
Okawaru was extremely pleased with you.
You were not hungry.
You had blades for hands.
You visited 1 branch of the dungeon, and saw 9 of its levels.
You also visited: Bailey.

You collected 615 gold pieces.

Inventory:

Hand Weapons
 C - a +0 shortbow
Missiles
 u - 81 arrows
Armour
 c - a +2 robe of cold resistance (worn)
Magical Staves
 n - an uncursed staff of wizardry (melded)
Jewellery
 p - an amulet of regeneration (around neck)
 w - a ring of protection from fire (right scythe-like blade)
Wands
 g - a wand of random effects (39)
 t - a wand of polymorph (7)
 x - a wand of disintegration (5)
 y - a wand of flame (17)
 D - a wand of scattershot (6)
Scrolls
 a - 2 scrolls of fog {!r}
 b - a scroll of acquirement {!r, unknown}
 e - a scroll of magic mapping {!r}
 f - a scroll of amnesia {!r}
 h - 2 scrolls of enchant armour {!r}
 i - 5 scrolls of teleportation {!r}
 j - 2 scrolls of blinking {!r}
 o - 2 scrolls of enchant weapon {!r}
 s - 2 scrolls of fear {!r}
 v - 2 scrolls of remove curse {!r}
 A - a scroll of silence {!r}
Potions
 k - a potion of berserk rage {!q}
 l - 5 potions of brilliance {!q}
 q - 3 potions of curing {!q}
 r - a potion of mutation {!q}
 z - a potion of lignification {!q}
Books
 m - a manual of Shields
Comestibles
 d - 11 rations


   Skills:
 + Level 5.3 Fighting
 - Level 2.0 Bows
 + Level 9.4 Dodging
 * Level 8.2 Unarmed Combat
 - Level 8.0 Spellcasting
 - Level 8.1 Transmutations
 + Level 6.2 Invocations


You had 8 spell levels left.
You knew the following spells:

 Your Spells              Type           Power        Failure   Level  Hunger
a - Blade Hands           Tmut           ####......   50%         5    #####..
b - Sticks to Snakes      Tmut           ####....     13%         2    None
c - Ice Form              Ice/Tmut       ###.....     65%         4    ####...
r - Regeneration          Chrm/Necr      #.........   77%         3    ##.....
s - Conjure Flame         Conj/Fire      #.......     77%         3    ##.....

Your spell library contained the following spells:

 Spells                   Type           Power        Failure   Level  Hunger
 Fireball                 Conj/Fire      #.........   100%        5    #####..
 Lightning Bolt           Conj/Air       #.........   100%        5    #####..
 Throw Flame              Conj/Fire      #.....       61%         2    None
 Animate Dead             Necr           N/A          97%         4    ####...
 Pain                     Necr           #...         50%         1    None
 Animate Skeleton         Necr           N/A          50%         1    None
 Vampiric Draining        Necr           #.........   77%         3    ##.....
 Sticky Flame             Conj/Fire      #.......     97%         4    ####...
 Shock                    Conj/Air       #...         50%         1    None
 Swiftness                Chrm/Air       #.......     61%         2    None
 Spider Form              Tmut/Pois      ###.......   38%         3    ##.....
 Airstrike                Air            #.........   97%         4    ####...
 Flame Tongue             Conj/Fire      #....        50%         1    None
 Static Discharge         Conj/Air       #.......     77%         3    ##.....
 Inner Flame              Hex/Fire       #.......     77%         3    ##.....
 Beastly Appendage        Tmut           ####..       11%         1    None


Dungeon Overview and Level Annotations

Branches:
Dungeon (9/15)             Temple (0/1) D:4            Lair (0/6) D:9
    Orc (0/2) D:9

Altars:
Cheibriados
Fedhas
Gozag
Makhleb
Okawaru
Sif Muna
Trog
Uskayaw
Vehumet
Wu Jian
Yredelemnul
Zin

Shops:
D:7 }

Annotations:
D:9 Anon1729's ghost, novice GnFE; Prince Ribbit


Innate Abilities, Weirdness & Mutations

You are very small and have problems with some larger weapons.
You are too small for most types of armour.
You have supernaturally acute eyesight. (SInv)
You are a herbivore.
You cover ground extremely quickly.
You need to consume almost no food.


Message History

A death yak comes into view.
The death yak gores you!!
Ouch! That really hurt!
* * * LOW HITPOINT WARNING * * *
The death yak bellows!
You slice the death yak!!
The death yak is almost dead.
The death yak completely misses you.
You hit the death yak but do no damage.
The death yak is almost dead.
You hit the death yak but do no damage.
The death yak is almost dead.
The death yak closely misses you.
The death yak snorts and paws the ground.
You slice the death yak!!
You kill the death yak!
Okawaru is honoured by your kill.
You can now speed up your combat.
Okawaru will gift you equipment as you gain piety.
Training target 2.0 for Bows reached!
Your Bows skill increases to level 2!
Your hands revert to their normal proportions.
The orc shouts!
You start resting.
The orc is too close now for your liking.
Casting: Blade Hands (safe; 4% risk of failure)
Confirm with . or Enter, or press ? or * to list all spells.
Your hands turn into razor-sharp scythe blades.
You barely miss the orc. The orc completely misses you.
You slash the orc!
You kill the orc!
Okawaru accepts your kill.
You hit the death yak.
The death yak is lightly wounded.
The death yak gores you.
You slash the death yak!
The death yak is moderately wounded.
You slice the death yak!!
The death yak is heavily wounded.
The death yak gores you!!
* * * LOW HITPOINT WARNING * * *
Your transformation is almost over.
There is an escape hatch in the ceiling here.
Your hands revert to their normal proportions.
A mysterious force pulls you upwards. The hatch slams shut behind you.
You see here an uncursed ring of fire.
There is an escape hatch in the floor here.
You start resting.
HP restored.
You start resting.
HP restored.
You slide downwards.
The hatch slams shut behind you.
Level annotation: Anon1729's ghost, novice GnFE; Prince Ribbit
Casting: Blade Hands (safe; 4% risk of failure)
Confirm with . or Enter, or press ? or * to list all spells.
Your hands turn into razor-sharp scythe blades.
The death yak gores you!
You hit the death yak.
The death yak is lightly wounded.
The death yak gores you!!
* * * LOW HITPOINT WARNING * * *
You hit the death yak but do no damage.
The death yak is lightly wounded.
The death yak gores you!!
You die...

###### ##> #....# ##..
#....# #... #....##
#...
#.....#############...
#.....).W...#.........
#....######...#####.##
##.#########..# .....#
#...@Y...##..#..#...#
######...##W.#.###...
#.#.....#..#....
#####Y####..........
#...._......#......#
#.###.#.##..###...#
##.# #...##..# ...
#..# ######Y.# .. #.##
#..# ##.


You could see a death yak.

Vanquished Creatures
  2 two-headed ogres
  A centaur warrior (D:9)
  A death yak (D:9)
  A hippogriff (D:9)
  Sigmund (D:6)
  A spriggan (shapeshifter) (D:9)
  A water moccasin (D:9)
  10 orc warriors
  A sky beast (D:9)
  2 ice beasts
  4 ogres
  9 centaurs
  5 phantoms
  A big kobold (D:8)
  4 bullfrogs
  3 scorpions
  3 wights (D:7)
  A howler monkey (D:9)
  2 jellies
  3 crimson imps
  A centaur zombie (D:6)
  A centaur skeleton (D:6)
  5 hounds
  2 bullfrog skeletons
  Natasha (twice) (D:2)
  An iguana (D:4)
  2 orc wizards
  5 worker ants
  A hound zombie (D:6)
  A hound skeleton (D:6)
  A worker ant zombie (D:5)
  8 adders
  A shadow imp (D:7)
  2 oozes
  An adder skeleton (D:4)
  3 worms
  A dart slug (D:2)
  A leopard gecko (D:2)
  37 orcs
  6 giant cockroaches
  10 goblins
  5 hobgoblins
  15 jackals
  5 quokkas
  A ball python (D:4)
  A ball python skeleton (D:4)
  6 bats
  4 frilled lizards
  A giant cockroach zombie (D:5)
  5 kobolds
  A leopard gecko skeleton (D:8)
  10 rats
202 creatures vanquished.

Vanquished Creatures (collateral kills)
  An orc warrior (Bailey)
  A crimson imp (D:6)
  A hound (D:8)
  Terence (D:2)
  Natasha (D:2)
  An orc wizard (D:3)
  A worker ant (D:4)
  4 adders
  A worm (D:4)
  An orc (D:3)
  2 giant cockroaches (D:2)
  2 jackals (D:2)
  A quokka (D:3)
  A frilled lizard (D:2)
  A goblin (D:3)
20 creatures vanquished.

Grand Total: 222 creatures vanquished

Notes
Turn   | Place    | Note
-------+----------+-------------------------------------------
     0 | D:1      | Amnesiac the Spriggan Transmuter began the quest for the Orb.
     0 | D:1      | Reached XP level 1. HP: 9/9 MP: 5/5
    52 | D:1      | Reached skill level 1 in Fighting
    52 | D:1      | Reached XP level 2. HP: 4/14 MP: 4/6
    56 | D:1      | Learned a level 2 spell: Sticks to Snakes
  1252 | D:1      | Reached XP level 3. HP: 17/18 MP: 8/8
  2203 | D:2      | Reached XP level 4. HP: 22/22 MP: 8/10
  2249 | D:2      | Noticed Natasha
  2250 | D:2      | Noticed Terence
  2265 | D:2      | Killed Natasha
  2583 | D:2      | Killed Terence
  2583 | D:2      | Reached skill level 5 in Transmutations
  2763 | D:2      | Noticed Natasha
  2773 | D:2      | Killed Natasha
  2773 | D:2      | Reached XP level 5. HP: 13/25 MP: 7/12
  2895 | D:2      | Noticed Natasha
  2906 | D:2      | Killed Natasha
  3560 | D:3      | Noticed a dagger
  3561 | D:3      | Noticed a hand axe
  3563 | D:3      | Found a hide-covered altar of Uskayaw.
  4100 | D:3      | Learned a level 5 spell: Blade Hands
  4109 | D:4      | Reached XP level 6. HP: 21/30 MP: 1/13
  4249 | D:4      | Found an opulent altar of Gozag.
  4269 | D:4      | Learned a level 3 spell: Spider Form
  4287 | D:4      | Found an iron altar of Okawaru.
  4288 | D:4      | Found a blossoming altar of Fedhas.
  4542 | D:4      | Found a deep blue altar of Sif Muna.
  4544 | D:4      | Found a snail-covered altar of Cheibriados.
  4546 | D:4      | Found a basalt altar of Yredelemnul.
  4586 | D:4      | Became a worshipper of Warmaster Okawaru
  4713 | D:4      | Found a burning altar of Makhleb.
  4718 | D:4      | Got a glittering turquoise ring
  4742 | D:4      | Reached skill level 5 in Spellcasting
  5373 | D:4      | Identified the ring of Weolifeg {rF+ rN+ Int+2 Slay-3} (You found it on level 4 of the Dungeon)
  5525 | D:4      | HP: 1/30 [poisoned by a worker ant]
  5672 | D:4      | Found a staircase to the Ecumenical Temple.
  5875 | D:5      | Entered Level 5 of the Dungeon
  5965 | D:6      | Reached XP level 7. HP: 6/33 MP: 7/16
  6248 | D:4      | HP: 1/33 [poisoned by an adder]
  6970 | D:5      | Reached * piety under Okawaru
  7262 | D:5      | Reached XP level 8. HP: 29/37 MP: 9/21
  7501 | D:6      | Reached skill level 1 in Invocations
  7510 | D:6      | Found a glowing silver altar of Zin.
  7617 | D:6      | Reached skill level 4 in Dodging
  7731 | D:6      | Noticed Sigmund
  7738 | D:6      | Killed Sigmund
  8210 | D:7      | Reached ** piety under Okawaru
  8216 | D:7      | Found Enout's Gadget Emporium.
  8242 | D:7      | Reached skill level 5 in Dodging
  8273 | D:7      | Learned a level 3 spell: Regeneration
  8345 | D:7      | Reached skill level 5 in Unarmed Combat
  8345 | D:7      | Reached XP level 9. HP: 43/43 MP: 13/22
  8582 | D:7      | Noticed Prince Ribbit
  8679 | D:8      | Noticed a two-headed ogre
  8708 | D:8      | Killed a two-headed ogre
  8708 | D:8      | Reached *** piety under Okawaru
  8708 | D:8      | Reached skill level 6 in Dodging
  9047 | D:8      | Reached skill level 1 in Bows
  9205 | D:8      | Reached skill level 7 in Dodging
  9238 | D:8      | Found an ornate altar of the Wu Jian Council.
  9238 | D:8      | Found a radiant altar of Vehumet.
  9636 | D:8      | Learned a level 3 spell: Conjure Flame
  9641 | D:8      | Learned a level 4 spell: Ice Form
  9718 | D:9      | Found a staircase to the Orcish Mines.
  9722 | D:9      | Noticed a death yak
  9742 | D:9      | Found a bloodstained altar of Trog.
  9751 | D:9      | Noticed a frost giant
  9782 | D:9      | Noticed a five-headed hydra
  9801 | D:9      | Noticed a centaur warrior
  9833 | D:9      | Found a flagged portal.
  9845 | Bailey   | Identified a paperback manual
  9845 | Bailey   | Entered a bailey
 10038 | Bailey   | Reached XP level 10. HP: 39/50 MP: 14/23
 10101 | Bailey   | Reached **** piety under Okawaru
 10226 | Bailey   | Reached skill level 5 in Invocations
 10248 | Bailey   | Reached skill level 8 in Dodging
 10341 | Bailey   | Received a gift from Okawaru
 10723 | D:9      | Killed a centaur warrior
 10767 | D:9      | Noticed a two-headed ogre
 10779 | D:9      | Noticed a gargoyle
 11220 | D:9      | Killed a two-headed ogre
 11220 | D:9      | Received a gift from Okawaru
 11220 | D:9      | Reached skill level 5 in Fighting
 11220 | D:9      | Reached skill level 9 in Dodging
 11263 | D:9      | Found a staircase to the Lair.
 11268 | D:9      | Noticed a death yak
 11269 | D:9      | Noticed a death yak
 11269 | D:9      | Noticed a death yak
 11271 | D:9      | Noticed Anon1729's ghost (novice GnFE)
 11294 | D:9      | Noticed a death yak
 11296 | D:9      | Noticed a death yak
 11308 | D:9      | Killed a death yak
 11308 | D:9      | Reached ***** piety under Okawaru
 11444 | D:9      | Slain by a death yak

Vault maps used:
D:1:      dpeg_arrival_shelter
D:2:      uniq_terence, uniq_natasha
D:3:      dancing_weapons_uskayaw
D:4:      makhleb_heckhound_becter, lemuel_crystal_altar,
          grunt_temple_overflow_diamond, minitemple,
          minmay_temple_entry_statues_fountains
D:5:      first_ration, serial_co_window_serial, co_window_of_opportunity_a,
          co_window_paths_a, co_window_cross_1, co_window_paths_b,
          co_window_corner_a, co_window_broadway_c, co_window_broadway_a,
          co_window_paths_c, co_window_cross_3, co_window_broadway_c,
          glass_columns_b, glass_columns_b, glass_columns_a, glass_columns_c
D:6:      overflow_temple_1_default, uniq_sigmund
D:7:      serial_shops, nicolae_shop_statue_plus, uniq_prince_ribbit1
D:8:      gammafunk_temple_overflow_wave, blue_anna_alchemist
D:9:      minmay_the_grid_3x2, lemuel_crystal_altar, lemuel_doored_altar,
          dpeg_lair_monsters, enter_bailey_3, serial_bayou_pond_e
Bailey:   bailey_polearm_flooded_kennysheep, bailey

Skill      XL: |  1  2  3  4  5  6  7  8  9 10 |
---------------+-------------------------------+-----
Fighting       | 1 2 4 5 |  5.3
Transmutations | 3 4 5 6 8 |  8.1
Spellcasting   | 3 4 5 8 |  8.0
Unarmed Combat | 3 5 6 8 |  8.2
Invocations    | 3 4 6 |  6.2
Dodging        | 5 7 9 |  9.4
Bows           | 1 2 |  2.0

Action                   |  1- 3 |  4- 6 |  7- 9 | 10-12 || total
-------------------------+-------+-------+-------+-------++-------
Melee: Unarmed           |   171 |   249 |   301 |    89 ||   810
       Kick              |    15 |    36 |       |       ||    51
       Headbutt          |    14 |    14 |       |       ||    28
       Punch             |     1 |     1 |     5 |     2 ||     9
       Staff             |       |       |     4 |    15 ||    19
 Cast: Beastly Appendage |    29 |    30 |       |       ||    59
       Sticks to Snakes  |     4 |    24 |     8 |    18 ||    54
       Blade Hands       |       |     4 |    32 |    13 ||    49
       Spider Form       |       |     1 |       |       ||     1
       Ice Form          |       |       |     1 |     5 ||     6
Invok: Heroism           |       |       |     2 |     4 ||     6
 Abil: End Transformatio |       |       |     1 |     3 ||     4
Evoke: Wand              |       |       |     1 |     1 ||     2
  Use: Potion            |     2 |     1 |     3 |       ||     6
       Scroll            |       |       |    19 |       ||    19
 Stab: Sleeping          |     2 |       |       |       ||     2
       Distracted        |       |     3 |       |       ||     3
  Eat: Ration            |       |     4 |     8 |     3 ||    15
Armor: Robe              |    21 |    10 |    10 |     6 ||    47
       Skin              |       |       |     3 |     8 ||    11
Dodge: Dodged            |   152 |   194 |   253 |   145 ||   744

Table legend:
 A = Spawn XP
 B = Non-spawn XP
 C = Spawn XP percentage of total XP
 D = Spawn monster count
 E = Non-spawn monster count
 F = Spawn count percentage of total count
 G = Total turns spent on level
                    A         B        C        D         E        F      G
               +---------+---------+-------+---------+---------+-------+---------
         Total |       0 |   10514 |   0.0 |       0 |     222 |   0.0 | 11444
               +---------+---------+-------+---------+---------+-------+---------
           D:1 |       0 |      44 |   0.0 |       0 |      24 |   0.0 |  1712
           D:2 |       0 |     184 |   0.0 |       0 |      30 |   0.0 |  1212
           D:3 |       0 |      86 |   0.0 |       0 |      19 |   0.0 |  1131
           D:4 |       0 |     325 |   0.0 |       0 |      25 |   0.0 |  2008
           D:5 |       0 |     773 |   0.0 |       0 |      17 |   0.0 |  1137
           D:6 |       0 |     737 |   0.0 |       0 |      15 |   0.0 |  1033
           D:7 |       0 |     957 |   0.0 |       0 |      21 |   0.0 |   648
           D:8 |       0 |    1556 |   0.0 |       0 |      16 |   0.0 |  1182
           D:9 |       0 |    3667 |   0.0 |       0 |      16 |   0.0 |   513
        Bailey |       0 |    2185 |   0.0 |       0 |      39 |   0.0 |   868
               +---------+---------+-------+---------+---------+-------+---------
